 Dungeon Crawl Stone Soup version 0.20-a0-1122-gb7cbeb9 (webtiles) character file.

1086 Gorglomux the Conjurer (level 8, -3/57 HPs)
             Began as a Pale Draconian Fire Elementalist on May 13, 2017.
             Was an Initiate of Vehumet.
             Slain by a yak (12 damage)
             ... on level 6 of the Dungeon.
             The game lasted 00:11:20 (4610 turns).

Gorglomux the Conjurer (DrFE)                       Turns: 4610, Time: 00:11:21

Health: -3/57      AC:  6    Str: 11    XL:     8   Next: 9%
Magic:  0/14       EV: 12    Int: 22    God:    Vehumet [......]
Gold:   298        SH:  0    Dex: 12    Spells: 8/16 levels left

rFire    . . .     SeeInvis .   a - +0 spear
rCold    . . .     Gourm    .   (no shield)
rNeg     . . .     Faith    .   (armour unavailable)
rPois    .         Spirit   .   (helmet restricted)
rElec    .         Reflect  .   (no cloak)
rCorr    .         Harm     .   (no gloves)
MR       .....                  (no boots)
Stlth    ++........             u - amulet of regeneration {+regen, !d}
Regen    0.6/turn               r - ring of wizardry {Wiz+, !d}
MPRegen  0.2/turn               m - +5 ring of intelligence

@: short of breath, very slightly contaminated
A: breathe steam, unfitting armour, cold-blooded, AC +6
a: Breathe Steam, Renounce Religion


You were on level 6 of the Dungeon.
You worshipped Vehumet.
Vehumet was noncommittal.
You were hungry.

You visited 2 branches of the dungeon, and saw 7 of its levels.

You collected 298 gold pieces.

Inventory:

Hand Weapons
 a - a +0 spear (weapon)
   (You found it on level 2 of the Dungeon)
 c - a +0 dagger
   (You took it off a kobold on level 1 of the Dungeon)
Jewellery
 m - a +5 ring of intelligence (right hand)
   (You found it on level 1 of the Dungeon)
 r - a ring of wizardry (left hand) {Wiz+, !d}
   (You found it on level 3 of the Dungeon)
 u - an amulet of regeneration (around neck) {+regen, !d}
   (You found it on level 4 of the Dungeon)
Scrolls
 f - 2 scrolls of magic mapping {unknown}
 h - 2 scrolls of remove curse
 i - 2 scrolls of amnesia {unknown}
 o - 2 scrolls of fog {unknown}
 p - 2 scrolls of enchant weapon {unknown}
 v - a scroll of teleportation {unknown}
 w - a scroll of immolation {unknown}
Potions
 e - a potion of cancellation
 g - 7 potions of curing
 k - a potion of invisibility {unknown}
 l - a potion of ambrosia
 t - a potion of mutation {!q}
Books
 n - a book of Changes
   (You found it on level 2 of the Dungeon)
 q - a book of Flames
Comestibles
 b - 2 bread rations {@e1@e1}
 d - a chunk of flesh {@w0@w0}
 j - a royal jelly
 s - 2 fruits


   Skills:
 - Level 1.7 Dodging
 - Level 1.7 Stealth
 + Level 4.5 Spellcasting
 * Level 6.8 Conjurations
 + Level 6.1 Fire Magic


You had 8 spell levels left.
You knew the following spells:

 Your Spells              Type           Power        Failure   Level  Hunger
a - Flame Tongue          Conj/Fire      ####.        1%          1    None
c - Conjure Flame         Conj/Fire      ####....     1%          3    ##.....
s - Sticky Flame          Conj/Fire      ####....     2%          4    ####...


Dungeon Overview and Level Annotations

Branches:
Dungeon (6/15)             Temple (1/1) D:5

Altars:
Ashenzari
Cheibriados
Gozag
Kikubaaqudgha
Nemelex Xobeh
Uskayaw
Vehumet
Wu Jian
The Shining One


Innate Abilities, Weirdness & Mutations

You can breathe blasts of scalding, opaque steam.
Your pale cyan-grey scales are hard. (AC +6)
You cannot fit into any form of body armour.
You are cold-blooded and may be slowed by cold attacks.


Message History

You miscast Sticky Flame.
You are very lightly contaminated with residual magic.
Wisps of smoke drift from your hands.
You have got your breath back.
The yak is engulfed in a cloud of scalding steam.
The orc warrior completely misses you.
The yak is engulfed in a cloud of scalding steam.
You now have 0/13 mp.
You hit the orc warrior.
The yak is engulfed in a cloud of scalding steam.
The orc warrior hits you with a war axe!
You take 12 damage, and have 38/50 hp.
MASSIVE DAMAGE!!
Unknown command.
The yak is engulfed in a cloud of scalding steam.
Aim: an orc warrior, wielding a war axe and wearing a plate armour (severely wounded)
You exhale a blast of scalding steam.
The ball of steam misses the orc warrior.
You feel slightly more hungry. Vehumet accepts your kill.
Your Conjurations skill increases to level 6!
You feel a bit more experienced.
Unknown command.
You hit the orc warrior but do no damage.
The orc warrior is engulfed in a cloud of scalding steam.
You kill the orc warrior!
Vehumet accepts your kill.
No target in view!
A yak comes into view.
The yak bellows!
You hear a shout!
The yak is engulfed in a cloud of scalding steam.
You kill the yak!
Vehumet accepts your kill.
Your Fire Magic skill increases to level 6!
You have reached level 8!
You feel stronger.
You regained 7 hp, and now have 48/57 hp.
Things that are here:
a yak corpse; an adder corpse Attack whom?
Aim: an orc, wielding a flail of protection and wearing a chain mail You reach to attack!
You completely miss the orc.
The orc wizard gestures wildly while chanting.
The orc wizard seems to speed up.
Attack whom?
Aim: an orc, wielding a flail of protection and wearing a chain mail You reach to attack!
You hit the orc.
Attack whom?
Aim: an orc wizard, wielding a dagger and wearing a robe (fast)
You reach to attack!
You hit the orc wizard. You closely miss the orc wizard.
The orc wizard gestures at you while chanting.
The puff of flame hits you! The orc wizard closely misses you.
You take 7 damage, and have 44/57 hp.
You hit the orc wizard.
The orc wizard points at you and mumbles some strange words.
The puff of frost hits you! The orc wizard hits you with a dagger.
You take 12 damage, and have 32/57 hp.
MASSIVE DAMAGE!!
You have got your breath back.
The orc wizard hits you with a dagger.
Things that are here:
a war axe; a plate armour; an orc corpse You take 1 damage, and have 32/57 hp.
The orc wizard miscasts a cantrip.
You hear the slow rusting of a very distant drain.
Aim: an orc wizard, wielding a dagger and wearing a robe (moderately wounded, fast)
You exhale a blast of scalding steam.
The ball of steam misses the orc wizard.
You feel somewhat more hungry.
The orc wizard is engulfed in a cloud of scalding steam.
The orc wizard casts a spell at you. The puff of frost hits you!
You take 7 damage, and have 26/57 hp.
Unknown command.
You closely miss the orc wizard.
Your tail-slap misses the orc wizard.
The orc wizard is engulfed in a cloud of scalding steam.
The orc wizard points at you and mumbles some strange words.
The puff of frost misses you.
The yak is engulfed in a cloud of scalding steam.
Vehumet accepts your kill.
You feel a bit more experienced.
The orc wizard is engulfed in a cloud of scalding steam.
You kill the orc wizard!
Vehumet accepts your kill.
The yak is engulfed in a cloud of scalding steam.
The yak gores you!
* * * LOW HITPOINT WARNING * * *
Things that are here:
a dagger; a robe; an orc corpse You take 13 damage, and have 14/57 hp.
MASSIVE DAMAGE!!
The yak gores you!
* * * LOW HITPOINT WARNING * * *
You take 8 damage, and have 6/57 hp.
Aim: a yak (severely wounded)
The sticky flame hits the yak.
The yak is covered in liquid flames!
You are feeling hungry.
The yak burns!
The yak gores you!
You die...

######
#############....#####
#.....................
#..............)).....
#......######..).##...
#...........#....##...
#.............)..##...
#.....................
#@....#.#.####....
#.Y...............
#.....#.#.#.##+###
#.....#...........
.#.....###.........
.....................
...######)...........
##. #)........... #
#)...........


You could see a yak (burning).

Vanquished Creatures
  The ghost of Ezendos the Grasshopper, an amateur GnWr of Ashenzari (D:4)
  2 yaks (D:6)
  2 orc warriors (D:6)
  An ogre (D:4)
  A crimson imp (D:5)
  An orc priest (D:6)
  2 orc wizards
  2 worker ants
  Robin (D:4)
  4 adders
  A worm (D:3)
  3 dart slugs
  2 leopard geckos
  10 orcs
  3 bats
  3 giant cockroaches
  17 goblins
  10 hobgoblins
  6 jackals
  11 kobolds
  A quokka (D:2)
  3 frilled lizards
  A quokka skeleton (D:4)
  4 rats (D:1)
92 creatures vanquished.

Notes
Turn   | Place    | Note
-------+----------+-------------------------------------------
     0 | D:1      | Gorglomux the Draconian Fire Elementalist began the quest for the Orb.
     0 | D:1      | Reached XP level 1. HP: 14/14 MP: 3/3
   206 | D:1      | Reached XP level 2. HP: 11/20 MP: 0/5
   793 | D:2      | Reached skill level 2 in Conjurations
   793 | D:2      | Reached XP level 3. HP: 26/26 MP: 2/6
   803 | D:2      | Learned a level 3 spell: Conjure Flame
  1849 | D:3      | Found a sparkling altar of Nemelex Xobeh.
  2121 | D:3      | Found an ancient bone altar of Kikubaaqudgha.
  2121 | D:3      | Found a snail-covered altar of Cheibriados.
  2253 | D:3      | Found a sparkling altar of Nemelex Xobeh.
  2317 | D:3      | Found a hide-covered altar of Uskayaw.
  2511 | D:3      | Found a glowing golden altar of the Shining One.
  2638 | D:3      | Reached XP level 4. HP: 30/33 MP: 7/7
  2791 | D:4      | Reached skill level 3 in Conjurations
  2933 | D:4      | Noticed an ogre
  2943 | D:4      | HP: 3/33 [ogre/giant club (19)]
  2965 | D:4      | Gorglomux: ??storm bow
  2965 | D:4      | beem: storm bow[1/1]: Unrandart +8 longbow of electrocution, sometimes creates rain clouds while wielded.
  2983 | D:4      | Killed an ogre
  2983 | D:4      | Reached skill level 3 in Spellcasting
  2983 | D:4      | Reached skill level 4 in Fire Magic
  2983 | D:4      | Reached XP level 5. HP: 11/38 MP: 4/9
  3040 | D:4      | Learned a level 4 spell: Sticky Flame
  3237 | D:4      | Noticed Robin
  3246 | D:4      | Killed Robin
  3246 | D:4      | Reached skill level 4 in Conjurations
  3617 | D:4      | Noticed Ezendos's ghost (amateur GnWr)
  3697 | D:4      | Killed Ezendos's ghost
  3697 | D:4      | Reached skill level 5 in Conjurations
  3697 | D:4      | Reached XP level 6. HP: 32/45 MP: 0/11
  4175 | D:5      | Entered Level 5 of the Dungeon
  4360 | D:5      | Your scales start taking on a pale cyan-grey colour.
  4360 | D:5      | Reached skill level 5 in Fire Magic
  4360 | D:5      | Reached XP level 7. HP: 48/50 MP: 12/12
  4423 | D:5      | Found a staircase to the Ecumenical Temple.
  4469 | Temple   | Entered the Ecumenical Temple
  4475 | Temple   | Became a worshipper of Vehumet
  4531 | D:6      | Reached skill level 4 in Spellcasting
  4569 | D:6      | Noticed a yak
  4569 | D:6      | Noticed a yak
  4587 | D:6      | Killed a yak
  4587 | D:6      | Reached skill level 6 in Conjurations
  4589 | D:6      | Noticed a yak
  4589 | D:6      | Killed a yak
  4589 | D:6      | Reached skill level 6 in Fire Magic
  4589 | D:6      | Reached XP level 8. HP: 48/57 MP: 1/14
  4603 | D:6      | HP: 14/57 [yak (13)]
  4604 | D:6      | HP: 6/57 [yak (9)]
  4610 | D:6      | Slain by a yak

Vault maps used:
D:1:      matt_arrival_refuge, minmay_tromino_v4_b
D:3:      nemelex_xobeh_ov_fountains_minmay, nicolae_overflow_hidden_temple,
          eat_drink_and_be_merry_uskayaw, first_bread,
          nemelex_spade_bored_becter
D:4:      uniq_robin
D:5:      nicolae_qazlal_eye_of_the_storm, minmay_temple_entry_hall,
          eino_tiny_chamber
D:6:      lemuel_doored_altar, cheibrodos_sewer_entry_bend, uniq_eustachio,
          uniq_crazy_yiuf_cottage
Temple:   zaba_magenta_temple

Skill      XL: |  1  2  3  4  5  6  7 |
---------------+----------------------+-----
Conjurations   | 2 3 5 6 |  6.8
Spellcasting   | 3 4 |  4.5
Fire Magic     | 4 5 6 |  6.1
Dodging        | |  1.7
Stealth        | |  1.7

Action                   |  1- 3 |  4- 6 |  7- 9 || total
-------------------------+-------+-------+-------++-------
Melee: Dagger            |    15 |       |       ||    15
       Tailslap          |     3 |    13 |       ||    16
       Spear             |    32 |   135 |    10 ||   177
 Cast: Flame Tongue      |    67 |    53 |    14 ||   134
       Conjure Flame     |       |     3 |       ||     3
       Sticky Flame      |       |     1 |     2 ||     3
 Abil: Breathe Steam     |       |       |     4 ||     4
  Use: Scroll            |     3 |     6 |       ||     9
 Stab: Sleeping          |     3 |       |       ||     3
  Eat: Chunk             |     5 |     6 |     2 ||    13
Armor: Skin              |    24 |    37 |     2 ||    63
Dodge: Dodged            |    55 |    78 |    10 ||   143

Vault maps used:
D:1:      matt_arrival_refuge, minmay_tromino_v4_b
D:3:      nemelex_xobeh_ov_fountains_minmay, nicolae_overflow_hidden_temple,
          eat_drink_and_be_merry_uskayaw, first_bread,
          nemelex_spade_bored_becter
D:4:      uniq_robin
D:5:      nicolae_qazlal_eye_of_the_storm, minmay_temple_entry_hall,
          eino_tiny_chamber
D:6:      lemuel_doored_altar, cheibrodos_sewer_entry_bend, uniq_eustachio,
          uniq_crazy_yiuf_cottage
Temple:   zaba_magenta_temple

Table legend:
 A = Turns spent in this place as a percentage of turns spent in the entire game.
 B = Non-inter-level travel turns spent in this place as a percentage of non-inter-level travel turns spent in the entire game.
 C = Inter-level travel turns spent in this place as a percentage of turns spent in this place.
 D = Turns resting spent in this place as a percentage of non-inter-level travel turns spent in this place.
 E = Turns spent auto-exploring this place as a percentage of non-inter-level travel turns spent in this place.
 F = Non-inter-level travel turns spent in this place divided by the number of levels of this place that you've seen.
                   A       B       C       D       E      F
               +-------+-------+-------+-------+-------+----------------------
         Total | 100.0 | 100.0 |   0.9 |   3.6 |  10.6 | 197.1
       Dungeon |  99.3 |  99.3 |   0.9 |   3.6 |  10.6 | 228.5
        Temple |   0.7 |   0.7 |  10.0 |   0.0 |   0.0 |   9.0
               +-------+-------+-------+-------+-------+----------------------

Table legend:
 A = Kills in this place as a percentage of kills in entire the game.
 B = Kills by you in this place as a percentage of kills by you in the entire game.
 C = Kills by friends in this place as a percentage of kills by friends in the entire game.
 D = Other kills in this place as a percentage of other kills in the entire game.
 E = Experience gained in this place as a percentage of experience gained in the entire game.
 F = Experience gained in this place divided by the number of levels of this place that you have seen.
                   A       B       C       D       E      F
               +-------+-------+-------+-------+-------+----------------------
         Total | 100.0 | 100.0 |  -nan |  -nan | 100.0 | 221.7
       Dungeon | 100.0 | 100.0 |  -nan |  -nan | 100.0 | 258.7
               +-------+-------+-------+-------+-------+----------------------
